 Dungeon Crawl Stone Soup version 0.29.1-15-g9cfb28693d (webtiles) character file.

Game seed: 12018679573490313774

18 jtron the Chopper (level 2, 0/40 HPs)
             Began as a Hill Orc Monk on Feb 27, 2023.
             Succumbed to an adder's poison
             ... on level 2 of the Dungeon.
             The game lasted 00:01:48 (1213 turns).

jtron the Chopper (Hill Orc Monk)                   Turns: 1213, Time: 00:01:49

Health: 0/40       AC: 21    Str: 13    XL:     2   Next: 70%
Magic:  2/2        EV:  2    Int: 10    God:
Gold:   68         SH:  0    Dex: 13    Spells: 1/1 levels left

rFire   + . .      SeeInvis .   a - +0 hand axe
rCold   . . .      Faith    .   (no shield)
rNeg    . . .      Spirit   .   (body armour currently unavailable)
rPois   +          Reflect  .   (helmet currently unavailable)
rElec   .          Harm     .   (cloak currently unavailable)
rCorr   .          Rampage  .   (gloves currently unavailable)
Will    .....      NoTele   +   (boots currently unavailable)
Stlth   ++........              (no amulet)
HPRegen 0.13/turn               f - ring of protection from fire
MPRegen 0.08/turn               (no ring)

@: lethally poisoned (0 -> -3), tree-form, hasted, very quick
A: stationary, stasis, torment immunity, boosted hp
a: no special abilities


You were on level 2 of the Dungeon.
You were a tree.
You visited 1 branch of the dungeon, and saw 2 of its levels.

You collected 68 gold pieces.

Inventory:

Hand Weapons
 a - a +0 hand axe (weapon)
Missiles
 h - 14 stones (quivered)
 l - 5 poisoned darts
Armour
 b - a +0 robe (melded)
Magical Staves
 j - a staff of poison
Jewellery
 f - a ring of protection from fire (left branch)
Scrolls
 d - a scroll of teleportation {unknown}
 g - a scroll of enchant armour {unknown}
 k - a scroll of poison {unknown}
Potions
 c - a potion of ambrosia


   Skills:
 * Level 4.0 Fighting
 + Level 4.4 Axes
 + Level 2.6 Dodging
 + Level 1.7 Stealth


You had one spell level left.
You didn't know any spells.
Your spell library was empty.

Dungeon Overview and Level Annotations

Branches:
Dungeon (2/15)

Altars:


Message History

You hit the adder but do no damage.
You feel sick.
The ball python bites you but does no damage.
The ball python barely misses you. The adder closely misses you.
You hit the ball python but do no damage.
You closely miss the adder.
You feel sick.
You are no longer poisoned.
The ball python bites you but does no damage.
The ball python completely misses you. The adder misses you.
The adder closely misses you. The ball python barely misses you.
The ball python grabs you. The ball python constricts you. The adder bites you.
The ball python bites you. The ball python constricts you.
You escape the ball python's grasp.
The adder attacks as you move away! The adder bites you.
You are poisoned.
The adder poisons you!
You feel sick.
It was a potion of haste.
You feel yourself speed up.
You feel sick. The adder bites you.
* * * LOW HITPOINT WARNING * * *
You are lethally poisoned!
The adder poisons you! The adder closely misses you.
* * * LOW HITPOINT WARNING * * *
You feel sick.
* * * LOW HITPOINT WARNING * * *
You feel sick.
It was a potion of lignification.
You turn into a tree.
Your +0 robe melds into your body.
Your roots penetrate the ground.
* * * LOW HITPOINT WARNING * * *
You feel sick.
You hit the kobold but do no damage.
* * * LOW HITPOINT WARNING * * *
You feel sick. The kobold hits you but does no damage.
You hit the kobold.
The kobold is severely wounded.
* * * LOW HITPOINT WARNING * * *
You feel sick. The kobold hits you but does no damage.
You barely miss the kobold.
The kobold is severely wounded.
You hit the kobold.
You kill the kobold!
You die...

... ... ....
### ## .....
#.. .#
.....##.##.###
#....S)♣...#
.##.##.S##.#.#
.........#.#
.......#S#.#
.......<...#
.............#
#<...#.#######
w......
#######


You could see an adder and a ball python.

Vanquished Creatures
  3 ball pythons (D:1)
  A bat (D:1)
  2 endoplasms (D:1)
  3 goblins (D:1)
  2 hobgoblins (D:1)
  3 frilled lizards (D:1)
  2 kobolds
  A rat (D:1)
17 creatures vanquished.

Notes
Turn   | Place    | Note
-------+----------+-------------------------------------------
     0 | D:1      | jtron the Hill Orc Monk began the quest for the Orb.
     0 | D:1      | Reached XP level 1. HP: 19/19 MP: 1/1
   453 | D:1      | Reached XP level 2. HP: 19/27 MP: 2/2
  1210 | D:2      | HP: 2/40 [poisoned by an adder]
  1213 | D:2      | Succumbed to an adder's poison

Illustrated notes

Levels and vault maps discovered:
D:1:      mainiacjoe_arrival_reflecting_pool, layout_loops_corners,
          minmay_bisected
D:2:      kb_forest_paths, layout_basic, chequers_ecumenical_altar_simple,
          dreamdust_mushroom_princess

Skill      XL: |  1  2 |
---------------+-------+-----
Fighting       | 4 |  4.0
Axes           | |  4.4
Dodging        | |  2.6
Stealth        | |  1.7

Action                   || total
-------------------------++-------
Melee: Hand axe          ||    48
Throw: Stone             ||     4
  Use: Potion            ||     2
 Stab: Sleeping          ||     4
Armor: Robe              ||     8
       Skin              ||     2
Dodge: Dodged            ||    33
